AoeStats
← urvconele

Arabia

510070557Analyzed
1v1 RM · 4d ago on Sep 29, 2026· 43m 56s· 2 players
Game mode
Random Map
Map size
Tiny (2 player)
Population
200
Speed
Normal
Resources
Standard
Victory
Conquest
Starting age
Dark Age
Ending age
Imperial Age
RankedLock teamsTeams togetherTeam positionsShared explorationLock speedFull tech treeHidden civsTurbo modeCheats
Victory
Defeat
🇪🇸 Persians · Spain
936
+17
🇨🇭 Wu · Switzerland
950
-17
urvconele
9:46 Feudal Age
9:52 Loom
10:33 Double-Bit Axe
19:27 Castle Age
17:34 Horse Collar
17:48 Gold Mining
17:48 Stone Mining
19:33 Bloodlines
20:03 Wheelbarrow
20:13 Bow Saw
20:05 Heavy Plow
22:53 Hand Cart
24:39 Man-at-Arms
25:04 Gambesons
25:53 Scale Mail Armor
26:03 Forging
26:49 Long Swordsman
32:13 Imperial Age
30:59 Padded Archer Armor
30:50 Fletching
31:35 Iron Casting
31:16 Chain Mail Armor
31:25 Elite Skirmisher
32:14 Thumb Ring
34:31 Chemistry
35:29 Leather Archer Armor
35:09 Bodkin Arrow
35:44 Town Watch
37:16 Pikeman
39:51 Town Patrol
39:27 Halberdier
40:41 Plate Mail Armor
41:11 Blast Furnace
40:58 Cavalier
J0K3R
11:32 Feudal Age
9:48 Loom
17:35 Castle Age
15:53 Horse Collar
16:39 Double-Bit Axe
17:46 Pikeman
18:26 Squires
24:44 Gold Mining
24:57 Heavy Plow
30:28 Wheelbarrow
30:02 Town Watch
31:08 Arson
33:55 Imperial Age
31:27 Town Patrol
31:35 Padded Archer Armor
31:40 Stone Mining
32:35 Leather Archer Armor
32:10 Fletching
33:07 Husbandry
34:11 Bloodlines
35:51 Gold Shaft Mining
35:52 Stone Shaft Mining
37:01 Chemistry
35:58 Murder Holes
36:11 Heavy Hei Guang Cavalry
38:32 Guilds
39:09 Scale Barding Armor
39:15 Forging
40:59 Hand Cart
42:52 Chain Barding Armor
43:08 Iron Casting
43:30 Ballistics
Connection lost

Rejoining the realm…

Still unreachable

The connection could not be restored.

Session expired

The server has moved on; the page needs a fresh start.